 Dungeon Crawl Stone Soup version 0.30-a0-996-ga6910c8ee8 (webtiles) character file.

Game seed: 14967359974756909116

63 ryw the Firebug (level 3, -3/20 HPs)
             Began as a Deep Elf Fire Elementalist on Apr 4, 2023.
             Slain by a kobold brigand
             ... wielding a +0 short sword
              (5 damage)
             ... in a sewer.
             The game lasted 00:04:23 (2684 turns).

ryw the Firebug (Deep Elf Fire Elementalist)        Turns: 2684, Time: 00:04:23

Health: -3/20      AC:  2    Str:  5    XL:     3   Next: 89%
Magic:  5/10       EV: 13    Int: 21    God:
Gold:   100        SH:  0    Dex: 15    Spells: 6/9 levels left

rFire   . . .      SeeInvis .    h - +0 dagger
rCold   . . .      Faith    .    (no shield)
rNeg    + . .      Spirit   .    a - +0 robe
rPois   .          Reflect  .    (no helmet)
rElec   .          Rampage  .    (no cloak)
rCorr   .                        (no gloves)
Will    .....                    (no boots)
Stlth   ++                       (no amulet)
HPRegen 0.23/turn                d - ring of positive energy
MPRegen 0.12/turn                (no ring)

@: no status effects
A: no striking features
a: no special abilities


You were in a sewer.
You visited 1 branch of the dungeon, and saw 3 of its levels.
You also visited: Sewer.

You collected 100 gold pieces.

Inventory:

Hand Weapons
 h - a +0 dagger (weapon)
Armour
 a - a +0 robe (worn)
Jewellery
 d - a ring of positive energy (left hand)
 i - an amulet of guardian spirit
Wands
 f - a wand of flame (16)
 k - a wand of digging (4)
Scrolls
 e - a scroll of identify
Potions
 b - 2 potions of magic
 c - a potion of flight {unknown}
 g - 2 potions of curing
 j - a potion of might {unknown}
 l - a potion of berserk rage {unknown}


   Skills:
 + Level 1.1 Fighting
 + Level 3.1 Dodging
 - Level 2.4 Stealth
 + Level 3.7 Spellcasting
 + Level 2.0 Conjurations
 + Level 3.7 Fire Magic


You had 6 spell levels left.
You knew the following spells:

 Your Spells              Type           Power      Damage    Failure   Level
a - Foxfire               Conj/Fire      64%        2x1d7     3%          1
b - Scorch                Fire           38%        2d7       4%          2

Your spell library contained the following spells:

 Spells                   Type           Power      Damage    Failure   Level
 Magic Dart               Conj           48%        1d5       5%          1
 Inner Flame              Hex/Fire       11%        N/A       17%         3
 Call Imp                 Summ           3%         N/A       19%         2
 Cigotuvi's Dreadful Rot  Necr/Pois/Air  6%         N/A       19%         2
 Poisonous Vapours        Pois/Air       6%         N/A       19%         2
 Kindle Blastsparks       Fire/Tloc/Air  18%        2d11      22%         3
 Mephitic Cloud           Conj/Pois/Air  6%         N/A       28%         3
 Flame Wave               Conj/Fire      16%        2d7       36%         4


Dungeon Overview and Level Annotations

Branches:
Dungeon (3/15)              Sewer (1/1)

Altars:


Message History

The kobold shouts! x2; The kobold brigand shouts!
Found four items.
Found a gate leading back out of this place.
Casting: Foxfire (safe; 3% risk of failure)
Confirm with . or Enter, or press ? or * to list all spells.
You conjure some foxfire!
The kobold brigand barely misses you.
Casting: Foxfire (safe; 3% risk of failure)
Confirm with . or Enter, or press ? or * to list all spells.
You conjure some foxfire!
The foxfire hits the kobold brigand.
The kobold brigand is lightly wounded.
The foxfire hits the kobold brigand.
The kobold brigand is lightly wounded.
The kobold barely misses you.
The kobold throws a stone.
The stone hits you but does no damage.
Casting: Foxfire (safe; 3% risk of failure)
Confirm with . or Enter, or press ? or * to list all spells.
You conjure some foxfire!
The foxfire hits the kobold brigand.
The kobold brigand is moderately wounded.
The foxfire hits the kobold.
You kill the kobold!
The kobold brigand hits you with a +0 short sword.
The kobold hits you with a +0 short sword.
Casting: Foxfire (safe; 3% risk of failure)
Confirm with . or Enter, or press ? or * to list all spells.
You conjure some foxfire!
The foxfire hits the kobold brigand.
The kobold brigand is heavily wounded.
The foxfire hits the kobold but does no damage.
The kobold hits you with a +0 short sword.
The kobold brigand hits you with a +0 short sword.
* * * LOW HITPOINT WARNING * * *
The kobold hits you with a +0 short sword.
* * * LOW HITPOINT WARNING * * *
Casting: Foxfire (safe; 3% risk of failure)
Confirm with . or Enter, or press ? or * to list all spells.
You conjure some foxfire!
The foxfire hits the kobold brigand.
The kobold brigand is heavily wounded.
The foxfire hits the kobold.
You kill the kobold!
The kobold brigand hits you with a +0 short sword.
You die...

#~≈~#.∩∩#
#~~~'...#
#~≈~######
#~≈~#.?.!#
#~≈~#.∩?.#
#~≈~#..?.#
#~≈~#....#
#~~~##)K##
#~≈~#K@..#
#~≈~#v.v.###
#~≈~~~~..P.#
#~≈~~~~...##
#~≈~#P~...#
#~~~#~~....#
#~≈~#......#
~~≈~#......#
~~~≈~#...P..#


You could see a kobold brigand (ally target) and a kobold.

Vanquished Creatures
  An adder (D:2)
  A dart slug (D:1)
  7 bats
  6 endoplasms
  3 goblins
  7 hobgoblins
  4 jackals (D:1)
  6 kobolds
  A quokka (D:2)
  3 ball pythons
  3 frilled lizards
  7 rats
49 creatures vanquished.

Vanquished Creatures (others)
  165 foxfires
165 creatures vanquished.

Grand Total: 214 creatures vanquished

Notes
Turn   | Place    | Note
-------+----------+-------------------------------------------
     0 | D:1      | ryw the Deep Elf Fire Elementalist began the quest for the
                  | Orb.
     0 | D:1      | Reached XP level 1. HP: 10/10 MP: 6/6
   167 | D:1      | Reached XP level 2. HP: 6/15 MP: 2/8
   550 | D:1      | Learned a level 2 spell: Scorch
  1034 | D:1      | Reached XP level 3. HP: 20/20 MP: 7/9
  1884 | D:2      | Reached skill level 1 in Fighting
  2627 | D:3      | Found a glowing drain.
  2643 | Sewer    | Entered a sewer
  2679 | Sewer    | Noticed a kobold brigand
  2684 | Sewer    | Slain by a kobold brigand

Illustrated notes

Levels and vault maps discovered:
D:1:      kennysheep_arrival_seaside, layout_loops_ring, minmay_split_cup_large
D:2:      layout_basic
D:3:      layout_loops_corners, cheibrodos_sewer_entry_sluice, corner_web_ring,
          wander_ebering_terrifying_dragon_lair
Sewer:    kennysheep_pipe_town

Skill      XL: |  1  2  3 |
---------------+----------+-----
Dodging        | 3 |  3.1
Fighting       | 1 |  1.1
Conjurations   | 2 |  2.0
Stealth        | |  2.4
Spellcasting   | |  3.7
Fire Magic     | |  3.7

Action                     || total
---------------------------++-------
  Melee: Dagger            ||     1
   Cast: Foxfire           ||   106
    Use: Scroll            ||     3
 Armour: Robe              ||     4
  Dodge: Dodged            ||    15

Table legend: (Time is in decaauts)
 A = Elapsed time spent in this place.
 B = Non-inter-level travel time spent in this place.
 C = Inter-level travel time spent in this place.
 D = Time resting spent in this place.
 E = Time spent auto-exploring this place.
 F = Levels seen in this place.
 G = Mean time per level.
                   A        B        C        D        E       F      G
               +--------+--------+--------+--------+--------+-----+--------+
         Total |   2693 |   2630 |     63 |    140 |   2138 |   4 |  673.2 |
       Dungeon |   2645 |   2582 |     63 |    140 |   2096 |   3 |  881.7 |
         Sewer |     47 |     47 |      0 |      0 |     42 |   1 |   47.0 |
               +--------+--------+--------+--------+--------+-----+--------+

Top non-repeatable levels by time:
     D:1: 1310 daAuts
     D:2: 1044 daAuts
     D:3: 290 daAuts
   Sewer: 47 daAuts
